 Dungeon Crawl Stone Soup version 0.28-a0-1182-g381e24db82 (webtiles) character file.

Game seed: 13126342069861177841

140596 Majang the Severer (level 17, -13/152 HPs)
             Began as a Ghoul Gladiator on Dec 17, 2021.
             Was the Champion of Makhleb.
             Mangled by Agnes (20 damage)
             ... on level 14 of the Dungeon.
             The game lasted 02:04:34 (25397 turns).

Majang the Severer (Ghoul Gladiator)               Turns: 25397, Time: 02:04:35

Health: -13/152    AC: 25    Str: 37    XL:     17   Next: 1%
Magic:  25/25      EV: 17    Int:  3    God:    Makhleb [******]
Gold:   1169       SH:  0    Dex: 10    Spells: 16/16 levels left

rFire   + . .      SeeInvis +   a - +9 executioner's axe (flame)
rCold   + . .      Faith    .   (shield currently unavailable)
rNeg    + + +      Spirit   .   q - +1 chain mail {Will+}
rPois   ∞          Reflect  .   L - +1 helmet "Ustucwepp" {Str+5}
rElec   .          Harm     .   t - +2 cloak
rCorr   .          Rampage  .   e - +2 pair of gloves
Will    ++++.                   u - +1 pair of boots
Stlth   ..........              d - amulet of regeneration
HPRegen 0.00/turn               r - +4 ring of evasion
MPRegen 0.19/turn               E - ring of Springtime {Contam rF+ Will++ Str+6 SInv}

@: inhibited regen, studying Crossbows
A: claws 1, cold resistance 1, negative energy resistance 3, inhibited
regeneration, torment resistance 2
}: 1/15 runes: gossamer
a: Renounce Religion, Minor Destruction, Lesser Servant of Makhleb, Major
Destruction, Greater Servant of Makhleb


You were on level 14 of the Dungeon.
You worshipped Makhleb.
Makhleb was exalted by your worship.
You visited 5 branches of the dungeon, and saw 27 of its levels.

You collected 3074 gold pieces.
You spent 1905 gold pieces at shops.

Inventory:

Hand Weapons
 a - a +9 executioner's axe of flaming (weapon)
 b - the +7 flail of Bile {speed, rElec rF++ Dex+2}
   (You found it on level 13 of the Dungeon)

   Attacks with this weapon are significantly faster.
   Dex:       It affects your dexterity (+2).
   rF:        It greatly protects you from fire.
   rElec:     It insulates you from electricity.
 w - a +4 broad axe of freezing
 N - the +11 flail of the Final Yaks {speed, Dex+2}
   (You found it on level 8 of the Dungeon)

   Attacks with this weapon are significantly faster.
   Dex:       It affects your dexterity (+2).
Missiles
 c - 2 silver javelins
 y - 9 throwing nets (quivered)
Armour
 e - a +2 pair of gloves (worn)
 q - a +1 chain mail of willpower (worn)
 t - a +2 cloak (worn)
 u - a +1 pair of boots (worn)
 F - a +1 chain mail of fire resistance
 L - the +1 helmet "Ustucwepp" (worn) {Str+5}
   (You bought it in a shop on level 2 of the Orcish Mines)

   Str:       It affects your strength (+5).
Jewellery
 d - an amulet of regeneration (around neck)
 l - a ring of flight
 r - a +4 ring of evasion (left hand)
 s - a +6 ring of intelligence
 D - a ring of protection from cold
 E - the ring of Springtime (right hand) {Contam rF+ Will++ Str+6 SInv}
   (You bought it in a shop on level 2 of the Orcish Mines)

   [ring of strength]

   Str:       It affects your strength (+6).
   rF:        It protects you from fire.
   SInv:      It lets you see invisible.
   Contam:    It causes magical contamination when unequipped.
   Will:      It greatly increases your willpower.
 H - a +4 ring of slaying
Wands
 n - a wand of acid (4)
 o - a wand of iceblast (12)
Scrolls
 i - 3 scrolls of blinking
 k - 4 scrolls of immolation
 p - 5 scrolls of fear
 x - 6 scrolls of fog
 z - 9 scrolls of teleportation
 B - 5 scrolls of silence
 J - 4 scrolls of identify
 K - 3 scrolls of enchant weapon
 M - a scroll of magic mapping
Potions
 f - 2 potions of cancellation
 g - 13 potions of curing
 h - 3 potions of haste
 j - 7 potions of heal wounds
 m - 4 potions of invisibility
 v - a potion of might
 A - 3 potions of ambrosia
 G - 3 potions of attraction
 I - 3 potions of resistance
Miscellaneous
 C - a phantom mirror


   Skills:
 + Level 14.2 Fighting
 * Level 16.8 Axes
 - Level 1.7 Throwing
 + Level 11.4 Armour
 + Level 11.9 Dodging
 + Level 12.5 Invocations


You had 16 spell levels left.
You didn't know any spells.
Your spell library contained the following spells:

 Spells                   Type           Power      Damage    Failure   Level
 Animate Skeleton         Necr           0%         N/A       87%         1
 Magic Dart               Conj           0%         1d3       87%         1
 Pain                     Necr           0%         1d4       87%         1
 Shock                    Conj/Air       0%         1d3       87%         1
 Slow                     Hex            0%         N/A       87%         1
 Blink                    Tloc           0%         N/A       95%         2
 Corpse Rot               Necr/Air       0%         N/A       95%         2
 Passwall                 Tmut/Erth      0%         N/A       95%         2
 Searing Ray              Conj           0%         2d4       95%         2
 Confusing Touch          Hex            0%         N/A       99%         3
 Lesser Beckoning         Tloc           0%         N/A       99%         3
 Summon Guardian Golem    Hex/Summ       0%         N/A       99%         3
 Swiftness                Air            0%         N/A       99%         3
 Tukima's Dance           Hex            0%         N/A       99%         3
 Vampiric Draining        Necr           0%         2d6       99%         3
 Airstrike                Air            0%         N/A       100%        4
 Dispel Undead            Necr           0%         3d6       100%        4
 Fulminant Prism          Conj/Hex       0%         3d6       100%        4
 Passage of Golubria      Tloc           0%         N/A       100%        4
 Agony                    Necr           0%         N/A       100%        5
 Excruciating Wounds      Necr           0%         N/A       100%        5
 Manifold Assault         Tloc           0%         N/A       100%        5
 Summon Forest            Summ/Tloc      0%         N/A       100%        5
 Yara's Violent Unravell  Hex/Tmut       0%         3d3       100%        5
 Death Channel            Necr           0%         N/A       100%        6
 Eringya's Noxious Bog    Tmut/Pois      0%         N/A       100%        6
 Summon Hydra             Summ           0%         N/A       100%        7
 Necromutation            Tmut/Necr      Unusable   N/A       N/A         8

Dungeon Overview and Level Annotations

Branches:
Dungeon (14/15)            Temple (1/1) D:7            Lair (6/6) D:9
 Shoals (0/4) Lair:3       Spider (4/4) Lair:4        Slime (0/5) Lair:6
    Orc (2/2) D:10            Elf (0/3) Orc:2
 Vaults: D:13-14

Altars:
Ashenzari
Cheibriados
Dithmenos
Elyvilon
Fedhas
Gozag
Hepliaklqana
Kikubaaqudgha
Makhleb
Nemelex Xobeh
Okawaru
Qazlal
Ru
Sif Muna
Trog
Uskayaw
Vehumet
Wu Jian
Xom
Yredelemnul
Zin
The Shining One
Beogh
Lugonu

Shops:
D:4 [   D:6 *   D:7 !   D:8 *   Orc:2 [(*=[

Portals:
Abyss: Spider:3

Annotations:
D:14 Agnes


Innate Abilities, Weirdness & Mutations

You thrive by killing the living.
You are immune to poison.
You have sharp fingernails.
Your flesh is cold resistant. (rC+)
You are immune to negative energy. (rN+++)
You do not regenerate when monsters are visible.
You are immune to unholy pain and torment.


Message History

Press: ? - help, Shift-Dir - straight line, f/p - cyclops
Aim: a cyclops, quivering large rocks (heavily wounded)
The cyclops struggles to resist.
A demon appears!
Agnes hits you with a +1 lajatang of electrocution!
Unknown command.
You slice the cyclops!! You burn the cyclops!
You kill the cyclops!
Makhleb accepts your kill.
You feel better.
You miss Agnes.
Agnes hits you with a +1 lajatang of electrocution!
Agnes barely misses you.
Unknown command.
You miss Agnes. Agnes hits you but does no damage.
Agnes hits you with a +1 lajatang of electrocution!!
Your smoke demon misses Agnes.
Your smoke demon closely misses Agnes. x2
You cut Agnes into ribbons!!! You burn Agnes!
Agnes is heavily wounded.
Agnes hits you but does no damage.
You are electrocuted!
Agnes hits you but does no damage.
Your smoke demon hits Agnes. x2
Your smoke demon closely misses Agnes.
Unknown command.
You miss Agnes.
Agnes is severely wounded.
Agnes closely misses you.
Your smoke demon closely misses Agnes.
Your smoke demon completely misses Agnes.
Your smoke demon closely misses Agnes.
Agnes closely misses you.
Unknown command.
You hit Agnes. You burn Agnes.
Agnes is severely wounded.
Agnes hits you with a +1 lajatang of electrocution!!
* * * LOW HITPOINT WARNING * * *
You are electrocuted!
* * * LOW HITPOINT WARNING * * *
Your smoke demon hits Agnes.
Your smoke demon closely misses Agnes.
Your smoke demon hits Agnes.
Agnes hits you with a +1 lajatang of electrocution!!
* * * LOW HITPOINT WARNING * * *
You are electrocuted!!
You die...

###############
#.............#
#####.............#
..................#
........#######3@.#
........# #.i(#
.......)# #.....
........# #.......
....)...#
#.........
###'###.#
#.........
......#.#
#.........
......#.#
#.........
##....#.#


You could see Agnes (ally target) and a friendly smoke demon (summoned).

Vanquished Creatures
  Arachne (Spider:2)
  Rupert (Lair:3)
  4 ghost moths
  Aizul (Spider:3)
  2 orc warlords (Orc:2)
  3 emperor scorpions (Spider:4)
  2 entropy weavers
  2 spark wasps
  Snorg (D:14)
  Josephine (D:13)
  3 boulder beetles
  10 hydras
  Harold (D:10)
  Erica (Lair:2)
  2 catoblepae (Lair:6)
  2 centaur warriors
  5 two-headed ogres
  A merfolk avatar (Lair:6)
  A tengu warrior (D:13)
  8 death yaks
  Sonja (Lair:3)
  3 orc high priests (Orc:2)
  Pikel (D:8)
  An orc knight (Orc:1)
  17 wolf spiders
  3 cyclopes
  An oklob plant (Lair:6)
  9 orb spiders
  An ugly thing (D:13)
  5 manticores
  A centaur zombie (D:6)
  4 elephants
  A moth of wrath (Spider:4)
  Maurice (Orc:1)
  6 black mambas
  11 cane toads
  4 torpor snails
  An unseen horror (D:12)
  Psyche (D:7)
  4 rime drakes
  14 komodo dragons
  8 demonic crawlers
  5 trolls
  4 polar bears
  14 jumping spiders
  9 hornets
  5 wind drakes
  36 blink frogs
  8 slime creatures (D:12)
  18 dream sheep
  2 snapping turtles
  A centaur simulacrum (D:14)
  Sigmund (D:4)
  2 vampires
  45 yaks
  63 redbacks
  21 tarantellas
  7 wraiths
  4 wyverns
  The ghost of Vertinox the Vexing, an amateur SpEn (D:4)
  4 shadows
  4 basilisks
  4 wargs
  An acid dragon (D:14)
  8 water moccasins
  51 orc warriors
  3 ice beasts (D:5)
  4 black bears
  A necrophage (D:6)
  9 ogres
  16 wolves
  3 centaurs
  3 phantoms
  4 kobold brigands
  15 bullfrogs
  3 gnoll sergeants
  A wyvern skeleton (D:7)
  4 troll zombies (D:10)
  5 killer bees (D:8)
  8 wights
  6 howler monkeys
  5 jellies
  17 orc priests
  2 bullfrog zombies
  Crazy Yiuf (D:3)
  A bullfrog skeleton (D:4)
  A gnoll shaman (D:7)
  4 hounds
  4 iguanas
  2 scorpion zombies
  Natasha (D:3)
  16 orc wizards
  5 hell rats (Lair:5)
  A killer bee zombie (D:8)
  4 ogre zombies (D:10)
  A hound zombie (D:5)
  2 howler monkey zombies
  12 adders
  28 gnolls
  2 shadow imps
  3 worms
  3 dart slugs
  96 orcs
  7 ball pythons
  4 bats
  12 endoplasms
  3 giant cockroaches
  9 goblins
  10 hobgoblins
  3 jackals (D:2)
  5 quokkas
  3 frilled lizards (D:1)
  2 goblin zombies (D:10)
  A hobgoblin skeleton (D:10)
  5 hobgoblin zombies (D:10)
  14 kobolds
  2 orc skeletons (D:10)
  15 orc zombies (D:10)
  4 rats
  A lurking horror (Spider:3)
864 creatures vanquished.

Vanquished Creatures (collateral kills)
  An emperor scorpion (Spider:4)
  3 orb spiders (Spider:4)
  A redback (Spider:4)
  An electric eel (Spider:4)
6 creatures vanquished.

Vanquished Creatures (others)
  A ghost moth (Spider:4)
  A kobold demonologist (D:7)
  A steam dragon (Lair:6)
  40 fungi
  2 lurking horrors (Spider:3)
  61 plants
  2 withered plants (D:4)
108 creatures vanquished.

Grand Total: 978 creatures vanquished

Notes
Turn   | Place    | Note
-------+----------+-------------------------------------------
     0 | D:1      | Majang the Ghoul Gladiator began the quest for the Orb.
     0 | D:1      | Reached XP level 1. HP: 17/17 MP: 0/0
    39 | D:1      | Reached skill level 3 in Axes
   135 | D:1      | Reached XP level 2. HP: 25/25 MP: 1/1
   505 | D:1      | Reached XP level 3. HP: 30/30 MP: 2/2
  1073 | D:2      | Reached XP level 4. HP: 23/38 MP: 3/3
  1199 | D:2      | Reached skill level 4 in Axes
  1925 | D:3      | Reached XP level 5. HP: 45/45 MP: 4/4
  2025 | D:3      | Found a faded altar of an unknown god.
  2229 | D:3      | Noticed Natasha
  2243 | D:3      | Killed Natasha
  2582 | D:3      | Found a runed translucent door.
  2583 | D:3      | Noticed Crazy Yiuf
  2594 | D:3      | Killed Crazy Yiuf
  2757 | D:3      | Reached skill level 5 in Axes
  2915 | D:3      | Reached XP level 6. HP: 47/52 MP: 5/5
  3305 | D:4      | Reached skill level 1 in Armour
  3515 | D:4      | Found a runed translucent door.
  3515 | D:4      | Noticed Vertinox's ghost (amateur SpEn)
  3532 | D:4      | Noticed Sigmund
  3535 | D:4      | Identified a scroll of acquirement
  3535 | D:4      | Acquired a +1 broad axe of electrocution
  3552 | D:4      | Killed Sigmund
  3553 | D:4      | Reached XP level 7. HP: 53/60 MP: 6/6
  3769 | D:4      | Found Pyvacwau's Antique Armour Emporium.
  3825 | D:4      | Reached skill level 6 in Axes
  3834 | D:4      | Reached skill level 5 in Fighting
  3861 | D:4      | Found a basalt altar of Yredelemnul.
  3924 | D:4      | Found a broken altar of Ashenzari.
  4014 | D:5      | Entered Level 5 of the Dungeon
  4020 | D:5      | Found a sacrificial altar of Ru.
  4032 | D:5      | Found an iron altar of Okawaru.
  4218 | D:5      | Found a transporter.
  4353 | D:5      | Found a transporter.
  4510 | D:5      | Reached XP level 8. HP: 64/68 MP: 7/7
  4574 | D:5      | Found an ornate altar of the Wu Jian Council.
  4622 | D:5      | Found a stormy altar of Qazlal.
  5368 | D:4      | Killed Vertinox's ghost
  5506 | D:6      | Found a sparkling altar of Nemelex Xobeh.
  5700 | D:4      | Bought a transparent chain mail for 247 gold pieces
  5700 | D:4      | Identified the +1 chain mail of Uluegos {Harm +Blink Int-5}
                  | (You bought it in a shop on level 4 of the Dungeon)
  5768 | D:6      | Reached skill level 7 in Axes
  5823 | D:6      | Found Rosch's General Store.
  5828 | D:6      | Bought a scroll of identify for 24 gold pieces
  5828 | D:6      | Bought a scroll of identify for 24 gold pieces
  6080 | D:6      | Reached XP level 9. HP: 60/78 MP: 8/8
  6201 | D:6      | Identified the +2 trident "Oscho" {speed, Dex+3}
  6340 | D:7      | Found a hide-covered altar of Uskayaw.
  6358 | D:7      | Reached skill level 5 in Dodging
  6396 | D:7      | Reached skill level 8 in Axes
  6750 | D:7      | Found Hema's Distillery.
  6752 | D:7      | Found a staircase to the Ecumenical Temple.
  6772 | Temple   | Entered the Ecumenical Temple
  6793 | Temple   | Became a worshipper of Makhleb the Destroyer
  7057 | D:7      | Reached skill level 1 in Invocations
  7217 | D:7      | Noticed a kobold demonologist
  7252 | D:7      | Noticed a soul eater
  7261 | D:7      | Killed a kobold demonologist
  7720 | D:8      | Reached XP level 10. HP: 58/86 MP: 10/10
  7723 | D:8      | Reached skill level 9 in Axes
  7724 | D:8      | Noticed Psyche
  7815 | D:7      | Killed Psyche
  7816 | D:7      | Reached skill level 5 in Armour
  8116 | D:7      | Reached * piety under Makhleb
  8229 | D:8      | Identified the +11 flail of the Final Yaks {speed, Dex+2}
  8371 | D:8      | Noticed Pikel
  8391 | D:8      | Killed Pikel
  8495 | D:8      | Found Irhutul's Assorted Antiques.
  8526 | D:8      | Bought a scroll labelled RILEMYCINI for 27 gold pieces
  9078 | D:5      | Acquired a +4 broad axe of freezing
  9241 | D:9      | Found a staircase to the Lair.
  9516 | D:9      | Reached ** piety under Makhleb
  9849 | D:9      | Noticed a two-headed ogre
  9858 | D:9      | Killed a two-headed ogre
  9859 | D:9      | Reached skill level 10 in Axes
  9859 | D:9      | Reached XP level 11. HP: 89/95 MP: 13/13
  9936 | D:8      | Bought a steaming chain mail for 256 gold pieces
  9936 | D:8      | Identified the +4 chain mail "Feukk" {rN+} (You bought it
                  | in a shop on level 8 of the Dungeon)
 10000 | D:9      | You fall into a shaft and drop 2 floors!
 10003 | D:11     | Noticed a two-headed ogre
 10013 | D:11     | Killed a two-headed ogre
 10177 | D:11     | Reached skill level 5 in Invocations
 10220 | D:10     | Entered Level 10 of the Dungeon
 10494 | Lair:1   | Entered Level 1 of the Lair of Beasts
 10670 | Lair:1   | Noticed a seven-headed hydra
 10680 | Lair:1   | Killed a seven-headed hydra
 11192 | Lair:1   | Noticed a six-headed hydra
 11202 | Lair:1   | Killed a six-headed hydra
 11402 | Lair:1   | Reached skill level 11 in Axes
 11472 | Lair:1   | Noticed a five-headed hydra
 11479 | Lair:1   | Killed a five-headed hydra
 11881 | Lair:2   | Reached XP level 12. HP: 83/105 MP: 15/15
 12113 | Lair:2   | Reached *** piety under Makhleb
 12495 | Lair:2   | Noticed Erica
 12513 | Lair:2   | Killed Erica
 13085 | Lair:3   | Reached skill level 10 in Fighting
 13089 | Lair:3   | Found a staircase to the Shoals.
 13122 | Lair:2   | Reached skill level 12 in Axes
 13590 | Lair:3   | Noticed a seven-headed hydra
 13602 | Lair:3   | Killed a seven-headed hydra
 13603 | Lair:3   | Reached XP level 13. HP: 57/114 MP: 17/17
 13675 | Lair:3   | Noticed Rupert
 13701 | Lair:3   | Killed Rupert
 13800 | Lair:3   | Reached **** piety under Makhleb
 14067 | Lair:3   | Noticed Sonja
 14082 | Lair:3   | Killed Sonja
 14208 | Lair:4   | You fall into a shaft and drop 1 floor!
 14329 | Lair:5   | Reached skill level 13 in Axes
 14855 | Lair:4   | Reached ***** piety under Makhleb
 14867 | Lair:4   | Found a hole to the Spider Nest.
 15167 | Lair:4   | Acquired a +5 executioner's axe of flaming
 15444 | Lair:5   | Reached XP level 14. HP: 124/124 MP: 19/19
 15863 | Lair:6   | Entered Level 6 of the Lair of Beasts
 16139 | Lair:6   | Reached skill level 14 in Axes
 16484 | Lair:6   | Reached skill level 10 in Dodging
 16494 | Lair:6   | Reached skill level 10 in Invocations
 16589 | Lair:6   | Found a staircase to the Slime Pits.
 17336 | D:10     | Reached ****** piety under Makhleb
 17348 | D:10     | Found a staircase to the Orcish Mines.
 17832 | D:10     | Reached XP level 15. HP: 132/134 MP: 21/21
 17896 | D:10     | Noticed Harold
 17904 | D:10     | Killed Harold
 18016 | Orc:1    | Entered Level 1 of the Orcish Mines
 18078 | Orc:1    | Noticed Maurice
 18090 | Orc:1    | Paralysed by Maurice for 4 turns
 18098 | Orc:1    | Killed Maurice
 18213 | Orc:1    | Found a burning altar of Makhleb.
 18314 | Orc:2    | Entered Level 2 of the Orcish Mines
 18380 | Orc:1    | Reached skill level 10 in Armour
 18462 | Orc:2    | Found Guso's Jewellery Emporium.
 18473 | Orc:2    | Bought the ring of Springtime {Contam rF+ Will++ Str+6
                  | SInv} for 1033 gold pieces
 18644 | Orc:2    | Noticed an orc warlord
 18657 | Orc:2    | Killed an orc warlord
 18689 | Orc:2    | Reached skill level 15 in Axes
 18714 | Orc:2    | Found Egeb's Antique Armour Emporium.
 18764 | Orc:2    | Found a staircase to the Elven Halls.
 18923 | Orc:2    | Found Oppont's Assorted Antiques.
 19208 | Orc:2    | Noticed an orc warlord
 19225 | Orc:2    | Killed an orc warlord
 19295 | Orc:2    | Found Ozimniso's Antique Armour Emporium.
 19299 | Orc:2    | Found Nuprept's Antique Weapon Shoppe.
 20707 | Orc:2    | Bought a warped helmet for 294 gold pieces
 20707 | Orc:2    | Identified the +1 helmet "Ustucwepp" {Str+5} (You bought it
                  | in a shop on level 2 of the Orcish Mines)
 20942 | Spider:1 | Entered Level 1 of the Spider Nest
 21324 | Spider:1 | Noticed a ghost moth
 21333 | Spider:1 | Killed a ghost moth
 22113 | Spider:2 | Noticed Arachne
 22127 | Spider:2 | Killed Arachne
 22744 | Spider:3 | Reached XP level 16. HP: 126/144 MP: 23/23
 22989 | Spider:3 | Found a one-way gate to the infinite horrors of the Abyss.
 23002 | Spider:3 | Found a corrupted altar of Lugonu.
 23077 | Spider:3 | Acquired 706 gold pieces
 23107 | Spider:3 | Identified the +4 chain mail of Rationality {rF- Int+2
                  | Dex+4}
 23192 | Spider:3 | Noticed Aizul
 23203 | Spider:3 | Killed Aizul
 23404 | Spider:4 | Entered Level 4 of the Spider Nest
 23409 | Spider:4 | Reached skill level 16 in Axes
 24421 | Spider:4 | Got a gossamer rune of Zot
 24776 | D:13     | Got the Reference Book on Twisted Creation
 24899 | D:13     | Identified the +7 flail of Bile {speed, rElec rF++ Dex+2}
 25022 | D:13     | Noticed Josephine
 25028 | D:13     | Killed Josephine
 25050 | D:13     | Identified the +0 chain mail of Meuk Qit {-Tele Int+5
                  | Dex+2}
 25242 | D:14     | Noticed Snorg
 25250 | D:14     | Killed Snorg
 25384 | D:14     | Reached XP level 17. HP: 152/152 MP: 25/25
 25388 | D:14     | Noticed Agnes
 25397 | D:14     | HP: 7/152 [Agnes (25)]
 25397 | D:14     | Mangled by Agnes

Illustrated notes

Levels and vault maps discovered:
D:1:      dpeg_arrival_round_b, layout_basic
D:2:      layout_basic
D:3:      layout_loops_corners, hellmonk_ecumenical_altar_zigzags,
          kennysheep_pointless_box, minmay_misc_feat_five,
          hangedman_decor_clover_reticule, uniq_natasha, uniq_crazy_yiuf_cottage
D:4:      layout_basic, lemuel_zombie_altar_yredelemnul,
          ashenzari_conservatory_becter, serial_shops, shop,
          gammafunk_ghost_grave, uniq_sigmund
D:5:      gammafunk_cloud_chamber, layout_layer_cave, nicolae_ru_awakened_eye,
          nzn_wu_jian_council_hall, amcnicky_altar_gilded, okawaru_trees_2
D:6:      layout_loops_cross, nemelex_xobeh_ov_fountains_minmay, serial_shops,
          kennysheep_little_box, minmay_crystal_water
D:7:      layout_layer_cave, mainiacjoe_overflow_surrounded_room,
          minmay_temple_entry_offerings, serial_glass, glass_columns_b,
          glass_columns_a, serial_shops, shop, minivault_24, grunt_ministairs_1,
          kennysheep_potato
D:8:      layout_cave_pools, serial_shops, shop, uniq_pikel, uniq_psyche
D:9:      layout_irregular_city, erik_lair_orcish_takeover
D:10:     layout_basic, zombieorc2_lemuel, uniq_harold
D:11:     layout_loops_cross
D:12:     layout_roguey [special_room_orc]
D:13:     layout_basic, uniq_josephine
D:14:     layout_irregular_city, hangedman_vaults_entry_quadrant_bands,
          grunt_dithmenos_smoke_and_mirrors, uniq_snorg, uniq_agnes
Temple:   nicolae_temple_great_sept
Lair:1:   layout_concentric_octagons, st_stairs_3
Lair:2:   layout_chaotic_city, uniq_erica
Lair:3:   layout_roguey, minmay_shoals_entry_beasts, beast_lair_carwin_2,
          uniq_sonja, uniq_rupert
Lair:4:   layout_roguey, spider_nest_entry_webs, lemuel_fruit_fields,
          lemuel_fruit_tree, lemuel_fruit_fields
Lair:5:   layout_loops_ring, cheibrodos_lair_reptile_den
Lair:6:   gammafunk_lair_ancient_temple, layout_cellular_growth,
          nicolae_slime_entry_slimehenge, serial_rivers,
          chequers_serial_rivers_large_a, chequers_serial_rivers_micro_a,
          chequers_serial_rivers_micro_a, chequers_serial_rivers_marsh
Spider:1: layout_spider_delve
Spider:2: layout_chambers, uniq_arachne
Spider:3: layout_spider_delve, amcnicky_altar_lugonu_corruption, uniq_aizul
Spider:4: spider_rune_water
Orc:1:    layout_caves, bloody_makhleb, uniq_maurice
Orc:2:    grunt_orc_community_town_hall, layout_caves,
          grunt_orc_community_big_house_1, grunt_orc_community_big_house_1,
          grunt_orc_community_house_2, grunt_orc_community_house_1,
          grunt_orc_community_house_1, grunt_orc_community_house_1,
          serial_shops, nicolae_shop_statue_plus

Skill      XL: |  1  2  3  4  5  6  7  8  9 10 11 12 13 14 15 16 |
---------------+-------------------------------------------------+-----
Axes           | 3 4 5 6 7 8 10 11 12 13 14 15 16 | 16.8
Fighting       | 3 4 5 6 7 8 9 10 11 12 13 14 | 14.2
Armour         | 1 2 3 4 5 6 7 8 9 10 11 | 11.4
Dodging        | 3 4 5 6 7 8 9 10 11 | 11.9
Invocations    | 2 4 6 7 9 10 11 12 | 12.5
Throwing       | |  1.7

Action                   |  1- 3 |  4- 6 |  7- 9 | 10-12 | 13-15 | 16-18 || total
-------------------------+-------+-------+-------+-------+-------+-------++-------
Melee: War axe           |    87 |   179 |       |       |       |       ||   266
       Broad axe         |       |     6 |   241 |   147 |   167 |       ||   561
       Flail             |       |       |       |   313 |    93 |       ||   406
       Executioner's axe |       |       |       |       |   612 |   285 ||   897
Throw: Throwing net      |       |     3 |       |     1 |       |       ||     4
Invok: Minor Destruction |       |       |       |    91 |   193 |    28 ||   312
       Major Destruction |       |       |       |       |     6 |    12 ||    18
       Lesser Servant of |       |       |       |       |       |     2 ||     2
       Greater Servant o |       |       |       |       |       |     1 ||     1
Evoke: Wand              |       |       |       |       |     2 |     1 ||     3
  Use: Scroll            |       |    14 |     3 |    10 |    10 |     2 ||    39
       Potion            |       |     1 |       |       |     9 |     1 ||    11
 Stab: Held in net/web   |       |       |       |     1 |       |       ||     1
       Distracted        |       |       |       |       |       |     1 ||     1
Armor: Leather armour    |    26 |    19 |       |       |       |       ||    45
       Chain mail        |       |    87 |   237 |   246 |   559 |   221 ||  1350
Dodge: Dodged            |    59 |    78 |   145 |   175 |   511 |   340 ||  1308

Table legend: (Time is in decaauts)
 A = Elapsed time spent in this place.
 B = Non-inter-level travel time spent in this place.
 C = Inter-level travel time spent in this place.
 D = Time resting spent in this place.
 E = Time spent auto-exploring this place.
 F = Levels seen in this place.
 G = Mean time per level.
                   A        B        C        D        E       F      G
               +--------+--------+--------+--------+--------+-----+--------+
         Total |  25573 |  23596 |   1977 |   4730 |  11331 |  27 |  947.1 |
       Dungeon |  13432 |  12386 |   1046 |   2560 |   7154 |  14 |  959.4 |
        Temple |     80 |     80 |      0 |      0 |     41 |   1 |   80.0 |
          Lair |   7010 |   6535 |    475 |   1457 |   3101 |   6 | 1168.3 |
   Spider Nest |   3498 |   3288 |    210 |    588 |    759 |   4 |  874.5 |
  Orcish Mines |   1550 |   1306 |    244 |    124 |    276 |   2 |  775.0 |
               +--------+--------+--------+--------+--------+-----+--------+

Top non-repeatable levels by time:
     D:7: 1804 daAuts
     D:5: 1483 daAuts
  Lair:1: 1460 daAuts
     D:3: 1287 daAuts
  Lair:2: 1240 daAuts
  Lair:6: 1178 daAuts
   Orc:2: 1177 daAuts
Spider:4: 1149 daAuts
Spider:2: 1141 daAuts
     D:2: 1101 daAuts
  Lair:3: 1101 daAuts
     D:9: 1075 daAuts
  Lair:4: 1069 daAuts
     D:4: 1039 daAuts
  Lair:5: 960 daAuts
